[Event "*** SCC Grand Prix: Titled Tuesday Blitz"]
[Site "Chess.com"]
[Date "2020.09.29"]
[Round "1"]
[White "Borsuk_Konstantin"]
[Black "warmoatmeal"]
[Result "1-0"]
[WhiteElo "2576"]
[BlackElo "2266"]
[TimeControl "180+1"]
[EndTime "10:05:02 PDT"]
[Termination "Borsuk_Konstantin won by resignation"]

1. d4 Nf6 2. c4 e6 3. Nc3 Bb4 4. Qc2 O-O 5. a3 Bxc3+ 6. Qxc3 b6 7. Bg5 h6 8. Bh4 Bb7 9. f3 d6 10. e3 Nbd7 11. Bd3 Qe7 12. Ne2 e5 13. Bf5 exd4 14. Nxd4 Nc5 15. Bc2 Rfe8 16. Nf5 Qe5 17. Qxe5 dxe5 18.
Bxf6 gxf6 19. Nxh6+ Kf8 20. b4 Ne6 21. Kf2 Rad8 22. Rhd1 Ba6 23. Bb3 c5 24. b5 Bb7 25.
Nf5 Rxd1 26. Rxd1 Rd8 27. Rxd8+ Nxd8 28. Bc2 Ke8 29. h4 Ne6 30. Nd6+ 1-0

[Event "*** SCC Grand Prix: Titled Tuesday Blitz"]
[Site "Chess.com"]
[Date "2020.09.29"]
[Round "1"]
[White "ural58"]
[Black "BocharovD"]
[Result "0-1"]
[WhiteElo "2394"]
[BlackElo "2770"]
[TimeControl "180+1"]
[EndTime "10:05:04 PDT"]
[Termination "BocharovD won by resignation"]

1. e4 c5 2. b3 g6 3. Bb2 Nf6 4. e5 Nd5 5. Qf3 Nc7 6. h4 h5 7. Bc4 Ne6 8. Bxe6 dxe6 9. Qe3 b6 10. f4 Bb7 11. Nf3 Nc6 12. d3 Bh6 13. Nbd2 Nb4 14. O-O-O Nd5 15. Qf2 Bxf4 16. Kb1 Qd7 17. g3 Bh6 18.
Rhf1 Rf8 19. Ne4 Ne3 20. Nfg5 Nxd1 21. Rxd1 O-O-O 22. Rf1 Bg7 23. Nd2 f6 24. Ngf3 Bh6 25.
Nc4 Bd5 26. Ne3 fxe5 27. Qe2 Bxf3 28. Rxf3 Rxf3 29. Qxf3 Qb7 30. Qf7 Bxe3 0-1

[Event "*** SCC Grand Prix: Titled Tuesday Blitz"]
[Site "Chess.com"]
[Date "2020.09.29"]
[Round "1"]
[White "Legendinunknown"]
[Black "Playgood28"]
[Result "1-0"]
[WhiteElo "2646"]
[BlackElo "2324"]
[TimeControl "180+1"]
[EndTime "10:05:06 PDT"]
[Termination "Legendinunknown won by resignation"]

1. d4 f5 2. c4 Nf6 3. g3 g6 4. Bg2 Bg7 5. Nc3 d6 6. Nf3 O-O 7. O-O c6 8. d5 e5 9. e4 Nxe4 10. Nxe4 fxe4 11. Ng5 c5 12. Bxe4 Na6 13. Nxh7 Kxh7 14.
Qh5+ Kg8 15. Bxg6 Rf6 16. Bg5 Bd7 17. f4 Be8 18. Qh7+ Kf8 19. fxe5 Bxg6 20. Qxg6 Qe8 21.
Qxe8+ Rxe8 22. exf6 Bh8 23. f7 Bd4+ 24. Kh1 1-0

[Event "*** SCC Grand Prix: Titled Tuesday Blitz"]
[Site "Chess.com"]
[Date "2020.09.29"]
[Round "1"]
[White "Roman_Ovetchkin"]
[Black "SHIVACalypso"]
[Result "1-0"]
[WhiteElo "2673"]
[BlackElo "2345"]
[TimeControl "180+1"]
[EndTime "10:05:12 PDT"]
[Termination "Roman_Ovetchkin won by resignation"]

1. d4 e6 2. c4 Nf6 3. Nf3 d5 4. g3 Be7 5. Bg2 O-O 6. Qc2 dxc4 7. Qxc4 a6 8. Qc2 Bd7 9. Ne5 Bc6 10. Nxc6 Nxc6 11.
e3 Nb4 12. Qe2 c6 13. O-O a5 14. a3 Na6 15. Nc3 Nd5 16. Bd2 Bf6 17. Rfd1 Qc7 18.
Rac1 Nxc3 19. Bxc3 Rfd8 20. h4 Rd7 21. Qe1 a4 22. Ba5 Qd6 23. Bf3 Re8 24. Qe2 Nc7 25.
Bb4 c5 26. dxc5 Qe7 27. c6 Rxd1+ 28. Rxd1 1-0

[Event "*** SCC Grand Prix: Titled Tuesday Blitz"]
[Site "Chess.com"]
[Date "2020.09.29"]
[Round "1"]
[White "teacher4chess"]
[Black "DariaVoit"]
[Result "0-1"]
[WhiteElo "2015"]
[BlackElo "2479"]
[TimeControl "180+1"]
[EndTime "10:05:15 PDT"]
[Termination "DariaVoit won by resignation"]

1. d4 f5 2. Nc3 Nf6 3. Bg5 b6 4. Bxf6 exf6 5. e4 fxe4 6. Nxe4 d5 7. Qh5+ Ke7 8. Nc3 c6 9. O-O-O g6 10. Re1+ Kf7 11.
Qf3 Bh6+ 12. Kb1 Re8 13. Be2 Bf5 14. g4 Be4 15. Nxe4 Rxe4 16. c3 Qe7 17. Nh3 Bd2 18.
g5 f5 19. Nf4 Bxf4 20. Qh3 Kg7 21. Qd3 Nd7 22. h4 Re8 23. h5 Rxe2 24. hxg6 Rxe1+ 25. Rxe1 Qxe1+ 26. Kc2 Qe2+ 27. Qxe2 Rxe2+ 28. Kb3 hxg6 0-1

[Event "*** SCC Grand Prix: Titled Tuesday Blitz"]
[Site "Chess.com"]
[Date "2020.09.29"]
[Round "1"]
[White "Arjun2002"]
[Black "markberk"]
[Result "0-1"]
[WhiteElo "2679"]
[BlackElo "2369"]
[TimeControl "180+1"]
[EndTime "10:05:16 PDT"]
[Termination "markberk won by resignation"]

1. e4 c6 2. d4 d5 3. e5 c5 4.
dxc5 Nc6 5. Nf3 Bg4 6. Bb5 Qa5+ 7. Nc3 e6 8. Be3 Ne7 9. a3 a6 10. b4 Qc7 11. Ba4 Bxf3 12. gxf3 Qxe5 13. Qd3 g6 14. O-O Bg7 15. Ne2 O-O 16. c3 Qh5 17. Nd4 Ne5 18. Qe2 Nf5 19. Bd1 Nc4 20. Kh1 Ncxe3 21.
f4 Qxe2 22. Bxe2 Nxf1 23. Nxf5 gxf5 24. Rxf1 Bxc3 0-1

[Event "*** SCC Grand Prix: Titled Tuesday Blitz"]
[Site "Chess.com"]
[Date "2020.09.29"]
[Round "1"]
[White "Ziachess74"]
[Black "Fischerev7"]
[Result "1-0"]
[WhiteElo "2657"]
[BlackElo "2335"]
[TimeControl "180+1"]
[EndTime "10:05:22 PDT"]
[Termination "Ziachess74 won by resignation"]

1. d4 Nf6 2. c4 e6 3. Nc3 Bb4 4. e3 O-O 5. Bd2 Re8 6. Nf3 b6 7. Bd3 Bb7 8. O-O d5 9. Nxd5 Nxd5 10. cxd5 Bxd2 11. dxe6 Ba5 12. exf7+ Kxf7 13. b4 Bxb4 14. Qb3+ Bd5 15. Bc4 c6 16. Qxb4 Kg8 17. Ne5 a5 18.
Bxd5+ cxd5 19. Qb5 Na6 20. Rac1 Nb4 21. a3 Na6 22.
Rc6 Nc7 23. Qxb6 Ra6 24. Qxc7 1-0

[Event "*** SCC Grand Prix: Titled Tuesday Blitz"]
[Site "Chess.com"]
[Date "2020.09.29"]
[Round "1"]
[White "karenzadita"]
[Black "ChessAurochs"]
[Result "1-0"]
[WhiteElo "2313"]
[BlackElo "2571"]
[TimeControl "180+1"]
[EndTime "10:05:24 PDT"]
[Termination "karenzadita won by resignation"]

1. e4 e5 2. Nf3 Nc6 3. d4 exd4 4.
Bc4 Nf6 5. e5 d5 6. Bb5 Ne4 7.
Nxd4 Bd7 8. Bxc6 bxc6 9. O-O Bc5 10. f3 Ng5 11. f4 Ne4 12. Be3 Bb6 13. Nc3 Nxc3 14. bxc3 a5 15. f5 Qe7 16. e6 Bc8 17.
Kh1 c5 18. f6 gxf6 19. Nf5 Qf8 20. Qxd5 1-0

[Event "*** SCC Grand Prix: Titled Tuesday Blitz"]
[Site "Chess.com"]
[Date "2020.09.29"]
[Round "1"]
[White "leoduarte"]
[Black "superchthonic"]
[Result "1-0"]
[WhiteElo "2308"]
[BlackElo "2577"]
[TimeControl "180+1"]
[EndTime "10:05:26 PDT"]
[Termination "leoduarte won by resignation"]

1. e4 Nf6 2. e5 Nd5 3. d4 d6 4. Nf3 dxe5 5. Nxe5 c6 6. Bd3 Nd7 7. Nf3 N7f6 8. O-O Bg4 9. h3 Bh5 10. Be2 e6 11. Ne5 Bxe2 12. Qxe2 Bd6 13. Rd1 O-O 14. c4 Ne7 15. Nc3 Ng6 16. Bg5 Be7 17. Rd3 Qc7 18. Rad1 Rfe8 19. h4 Nf8 20. h5 h6 21.
Bxh6 gxh6 22. Rg3+ Kh8 23. Nxf7+ Kh7 24. Qd3+ 1-0

[Event "*** SCC Grand Prix: Titled Tuesday Blitz"]
[Site "Chess.com"]
[Date "2020.09.29"]
[Round "1"]
[White "Leo_C"]
[Black "kosya4ok"]
[Result "0-1"]
[WhiteElo "2278"]
[BlackElo "2586"]
[TimeControl "180+1"]
[EndTime "10:05:28 PDT"]
[Termination "kosya4ok won by resignation"]

1. d4 Nf6 2. c4 e6 3. Nc3 Bb4 4. e3 O-O 5. Bd3 d5 6. cxd5 exd5 7. Ne2 c5 8. a3 cxd4 9. axb4 dxc3 10. bxc3 Nc6 11. O-O Ne5 12. Ng3 Be6 13. Bf5 Qc8 14.
Bxe6 Qxe6 15. Qe2 Rfc8 16. e4 Nc4 17. exd5 Nxd5 18. Qxe6 fxe6 19. Re1 Rc6 20. b5 Rb6 21. Bg5 h6 22. Be3 Ndxe3 23. fxe3 Rxb5 24. Reb1 Rxb1+ 25. Rxb1 b6 26. Rb4 Rc8 27. Kf2 Nd6 28. Ra4 a5 29. Ra3 Nc4 30. Rb3 a4 0-1

[Event "*** SCC Grand Prix: Titled Tuesday Blitz"]
[Site "Chess.com"]
[Date "2020.09.29"]
[Round "1"]
[White "Khnykin_Nikolay"]
[Black "pastouche06"]
[Result "0-1"]
[WhiteElo "2083"]
[BlackElo "2493"]
[TimeControl "180+1"]
[EndTime "10:05:29 PDT"]
[Termination "pastouche06 won on time"]

1. e4 c6 2. d4 d5 3. exd5 cxd5 4.
c4 Nf6 5. Nc3 Nc6 6. Nf3 Be6 7. cxd5 Bxd5 8. Bb5 e6 9. Qa4 a6 10.
Nxd5 Qxd5 11. Bxc6+ bxc6 12. O-O Be7 13. Ne5 Qb5 14.
Qc2 Rc8 15. Be3 O-O 16. Rac1 Nd5 17. Nxc6 Bf6 18. a3 Rc7 19. Qc5 Nxe3 20. fxe3 Rfc8 21.
Rxf6 gxf6 22. Ne7+ Kh8 0-1

[Event "*** SCC Grand Prix: Titled Tuesday Blitz"]
[Site "Chess.com"]
[Date "2020.09.29"]
[Round "1"]
[White "Shield12"]
[Black "SergeyShtyka"]
[Result "1-0"]
[WhiteElo "2856"]
[BlackElo "2419"]
[TimeControl "180+1"]
[EndTime "10:05:30 PDT"]
[Termination "Shield12 won by resignation"]

1. e4 c5 2. Nf3 Nc6 3. Bb5 Nd4 4. Nxd4 cxd4 5. O-O e6 6. d3 Bc5 7. Qh5 Qb6 8. Ba4 Nf6 9. Qh4 O-O 10. Nd2 d5 11. e5 Nd7 12. Nf3 Qd8 13. Bg5 f6 14.
exf6 gxf6 15. Bh6 Rf7 16. Nxd4 Bxd4 17. Qxd4 Nb6 18. Bb3 e5 19. Qh4 Be6 20. f4 exf4 21. Rae1 Bf5 22. Rxf4 Bg6 23. Ref1 f5 24. Qg3 a5 25. a4 Qd7 26. Rh4 Re8 27. Be3 Nc8 28.
Bd4 Re6 29. c4 Ne7 30. cxd5 Nxd5 31. Qf3 Rd6 32. Be5 1-0

[Event "*** SCC Grand Prix: Titled Tuesday Blitz"]
[Site "Chess.com"]
[Date "2020.09.29"]
[Round "1"]
[White "chessmaGIA"]
[Black "oganromchess"]
[Result "0-1"]
[WhiteElo "1618"]
[BlackElo "2460"]
[TimeControl "180+1"]
[EndTime "10:05:30 PDT"]
[Termination "oganromchess won by resignation"]

1. d4 f5 2. c4 Nf6 3. Nc3 e6 4. Nf3 Be7 5. Bf4 O-O 6. e3 b6 7. Bd3 Bb7 8. O-O Qe8 9. Qe2 d6 10.
e4 fxe4 11. Nxe4 Nxe4 12. Bxe4 d5 13. cxd5 Rxf4 14. Bd3 Bxd5 15. Ne5 Nc6 16. Rac1 Nxd4 17. Qe3 Bg5 18. Qg3 Qh5 19. Rfe1 c5 20. h3 Raf8 21. Rf1 Rh4 22. Nf3 Nxf3+ 0-1

[Event "*** SCC Grand Prix: Titled Tuesday Blitz"]
[Site "Chess.com"]
[Date "2020.09.29"]
[Round "1"]
[White "BJthechessgod"]
[Black "keepitcool9499"]
[Result "0-1"]
[WhiteElo "2303"]
[BlackElo "2624"]
[TimeControl "180+1"]
[EndTime "10:05:34 PDT"]
[Termination "keepitcool9499 won by checkmate"]

1. e4 e6 2. d4 d5 3. Nc3 Nf6 4. e5 Nfd7 5. f4 c5 6. Be3 Nc6 7. Nf3 a6 8. Qd2 b5 9. a3 Qb6 10. Be2 cxd4 11. Nxd4 Bc5 12. Nxc6 Bxe3 13. Qd3 Bxf4 14.
Rf1 Nxe5 15. Nxe5 Bxe5 16. O-O-O O-O 17. Kb1 b4 18. axb4 Qxb4 19. Bf3 Bd7 20. Rfe1 Bf6 21.
Kc1 Rab8 22. Kd2 Qxb2 23. Rb1 Qxc3+ 24. Qxc3 Bxc3+ 25. Kxc3 Rfc8+ 26. Kd3 Bb5+ 27. Kd4 Rc4+ 28. Ke5 Kf8 29. Rbd1 Ke7 30. Bxd5 f6# 0-1

[Event "*** SCC Grand Prix: Titled Tuesday Blitz"]
[Site "Chess.com"]
[Date "2020.09.29"]
[Round "1"]
[White "LawrenceTrent"]
[Black "hawes33"]
[Result "0-1"]
[WhiteElo "2504"]
[BlackElo "2207"]
[TimeControl "180+1"]
[EndTime "10:05:34 PDT"]
[Termination "hawes33 won by resignation"]

1. d4 c5 2. e4 cxd4 3. c3 d3 4. c4 d6 5. Nc3 Nf6 6. Bxd3 g6 7. h3 Bg7 8. Nf3 O-O 9. O-O a6 10. Be3 b6 11. Qd2 Re8 12. Rfe1 Bb7 13. Rad1 Nbd7 14.
Bb1 Rc8 15. b3 Qc7 16. Nd5 Bxd5 17. exd5 b5 18. Bd3 Nc5 19. Bf1 Nce4 20. Qd3 bxc4 21. bxc4 Qa5 22. Bd4 Nc5 23. Qe2 Nfe4 24. Bxg7 Kxg7 25.
Nd4 Nc3 26. Qb2 N5a4 27. Qa1 Kg8 28. Rd3 Rxc4 29. Nc6 Qc7 30. Rde3 Rxc6 31. dxc6 Qxc6 32. Rxe7 Rxe7 33. Rxe7 d5 34. Qe1 Ne4 35. Bd3 Nac3 36. Bxe4 Nxe4 37. Qb4 Qc1+ 38. Kh2 Qf4+ 39. Kg1 Qxf2+ 40.
Kh1 Qf1+ 41. Kh2 Qf4+ 42. Kh1 Ng3+ 0-1

[Event "*** SCC Grand Prix: Titled Tuesday Blitz"]
[Site "Chess.com"]
[Date "2020.09.29"]
[Round "1"]
[White "Radzio1987"]
[Black "Nikithebest"]
[Result "1-0"]
[WhiteElo "2851"]
[BlackElo "2419"]
[TimeControl "180+1"]
[EndTime "10:05:36 PDT"]
[Termination "Radzio1987 won by resignation"]

1. c4 c5 2. g3 Nc6 3. Bg2 g6 4.
Nc3 Bg7 5. b3 d6 6. Bb2 Bf5 7. d3 Qd7 8. h3 h5 9. Nf3 Nd4 10. Ng5 Nh6 11. Qd2 f6 12. Nge4 Be6 13.
e3 Nc6 14. d4 cxd4 15. exd4 Bf5 16. d5 Ne5 17. f4 Nef7 18. Nb5 O-O 19. Nd4 g5 20. fxg5 fxg5 21. Nxg5 Ne5 22. O-O Nd3 23. Nxf5 Nxb2 24. Nxg7 Rf7 1-0

[Event "*** SCC Grand Prix: Titled Tuesday Blitz"]
[Site "Chess.com"]
[Date "2020.09.29"]
[Round "1"]
[White "novocane"]
[Black "xberli"]
[Result "0-1"]
[WhiteElo "2296"]
[BlackElo "2606"]
[TimeControl "180+1"]
[EndTime "10:05:37 PDT"]
[Termination "xberli won by resignation"]

1. d4 Nf6 2. c4 g6 3. Nc3 d5 4.
cxd5 Nxd5 5. e4 Nxc3 6. bxc3 Bg7 7. Qa4+ Nd7 8. Nf3 O-O 9. Qa3 c5 10. Be3 Qc7 11. Bd3 a6 12. O-O b5 13. Rac1 Bb7 14.
Rfe1 Rac8 15. Bb1 e5 16. d5 c4 17. Rcd1 Rfe8 18. Qc1 Qd6 19. Bh6 Bh8 20. Qe3 a5 21.
Qa7 Qb6 22. Qxb6 Nxb6 23. d6 Red8 24. Rd2 Na4 25. Rc1 Rd7 26. Be3 Rc6 27. Bc2 Nxc3 28. Bg5 Rcxd6 29. Rxd6 Rxd6 30. Be7 Rd7 31. Bc5 Ne2+ 0-1

[Event "*** SCC Grand Prix: Titled Tuesday Blitz"]
[Site "Chess.com"]
[Date "2020.09.29"]
[Round "1"]
[White "parnali1611"]
[Black "GM_LOADING"]
[Result "0-1"]
[WhiteElo "2096"]
[BlackElo "2498"]
[TimeControl "180+1"]
[EndTime "10:05:40 PDT"]
[Termination "GM_LOADING won by resignation"]

1. d4 Nf6 2. c4 e6 3. g3 Bb4+ 4. Bd2 a5 5. Bg2 d6 6. Nf3 Nbd7 7. O-O e5 8. Qc2 O-O 9. Rd1 Re8 10. Bg5 exd4 11. Nxd4 h6 12. Bf4 Nh5 13. Be3 Rxe3 14.
fxe3 Ne5 15. Nc3 c6 16. b3 Qg5 17. Qd2 Ng4 18. Nc2 Bf5 19. Nxb4 axb4 20. Ne4 Bxe4 21.
Bxe4 Nxe3 22. Re1 Nxg3 23. Kf2 Nxe4+ 0-1

[Event "*** SCC Grand Prix: Titled Tuesday Blitz"]
[Site "Chess.com"]
[Date "2020.09.29"]
[Round "1"]
[White "THE_PLAYER6"]
[Black "JiiHart"]
[Result "1-0"]
[WhiteElo "2485"]
[BlackElo "2062"]
[TimeControl "180+1"]
[EndTime "10:05:40 PDT"]
[Termination "THE_PLAYER6 won by resignation"]

1. c4 e5 2. a3 Nf6 3. d3 d5 4.
cxd5 Nxd5 5. Nf3 Nc6 6. e4 Nf6 7. Be3 Be7 8. Be2 O-O 9. O-O Bg4 10. h3 Bxf3 11. Bxf3 Nd4 12. Nd2 b5 13. Rc1 c5 14. Be2 a5 15. Nf3 Nxf3+ 16. Bxf3 Rc8 17. Be2 Qd7 18. Bg5 Rfd8 19. Bxf6 Bxf6 20. Bg4 Qd4 21. Bxc8 Rxc8 22. Qb3 Rb8 23. Qc3 Qxc3 24. Rxc3 Be7 25. Rfc1 f6 26. Rxc5 Bxc5 27. Rxc5 Kf7 28. Kf1 Ke6 29.
Ke2 Kd6 30. Rc2 b4 31. a4 g6 32. b3 f5 33. f3 Rf8 34. Rc4 Re8 35. Ke3 f4+ 36.
Ke2 g5 37. d4 exd4 38. Rxd4+ Kc6 39. Rd5 1-0

[Event "*** SCC Grand Prix: Titled Tuesday Blitz"]
[Site "Chess.com"]
[Date "2020.09.29"]
[Round "1"]
[White "FloMaster111"]
[Black "Oscar-Luna"]
[Result "0-1"]
[WhiteElo "2489"]
[BlackElo "2142"]
[TimeControl "180+1"]
[EndTime "10:05:42 PDT"]
[Termination "Oscar-Luna won by checkmate"]

1. e4 e6 2. d4 d5 3. Nd2 Nc6 4. Ngf3 Nf6 5. e5 Nd7 6. c4 f6 7. cxd5 exd5 8. Bb5 fxe5 9. Nxe5 Ncxe5 10. dxe5 c6 11.
e6 Nf6 12. Bd3 Bxe6 13. O-O Kf7 14. Nf3 h6 15. Ne5+ Kg8 16. Ng6 Bd6 17. Nxh8 Kxh8 18. h3 Qd7 19. f4 Bxh3 20. gxh3 Qxh3 21. Qf3 Bc5+ 22. Qf2 Ng4 23. Bf5 Qh2# 0-1

[Event "*** SCC Grand Prix: Titled Tuesday Blitz"]
[Site "Chess.com"]
[Date "2020.09.29"]
[Round "1"]
[White "BigAl"]
[Black "abfchess"]
[Result "1-0"]
[WhiteElo "2493"]
[BlackElo "2087"]
[TimeControl "180+1"]
[EndTime "10:05:43 PDT"]
[Termination "BigAl won by resignation"]

1. e4 e6 2. Nc3 d5 3. d3 Nf6 4. Bd2 d4 5. Nce2 c5 6. g3 Nc6 7. Bg2 e5 8. f4 Bd6 9. Nf3 O-O 10. f5 g6 11. Nh4 Ne7 12. O-O b5 13. h3 Bb7 14. g4 c4 15. Ng3 cxd3 16. cxd3 Rc8 17. Rf2 Qc7 18. Bh6 gxf5 19. Bxf8 Kxf8 20. Nhxf5 Nxf5 21. Nxf5 b4 22. Qf3 Ne8 23. Nh6 f6 24. g5 Qg7 25.
Qh5 Qg6 26. Qh4 Rc7 27. gxf6 Bc8 28. Raf1 Ba6 29. Rf3 Rc2 30. Rg3 Bxd3 31. Rxg6 hxg6 32.
Ng4 1-0

[Event "*** SCC Grand Prix: Titled Tuesday Blitz"]
[Site "Chess.com"]
[Date "2020.09.29"]
[Round "1"]
[White "BanjoKazooieN64"]
[Black "Sesleria"]
[Result "1-0"]
[WhiteElo "2498"]
[BlackElo "2100"]
[TimeControl "180+1"]
[EndTime "10:05:44 PDT"]
[Termination "BanjoKazooieN64 won by resignation"]

1. e4 c5 2. Nc3 Nc6 3. Nf3 Nf6 4. Bb5 Nd4 5. e5 Nxb5 6. Nxb5 Nd5 7. Ng5 a6 8. Qh5 g6 9. Qf3 f6 10. exf6 exf6 11.
Qxd5 fxg5 12. Qe5+ Qe7 13. Nc7+ Kd8 14. Qxe7+ Bxe7 15. Nxa8 b5 16. Nb6 Bb7 17. a4 Kc7 18. a5 Bxg2 19. Rg1 Bf3 20. d3 h6 21. Be3 d5 22. c3 d4 23. cxd4 cxd4 24. Bxd4 Bb4+ 25. Bc3 Re8+ 26. Kf1 Bd6 27. Re1 Rf8 28. Bg7 Rf7 29.
Bxh6 Bxh2 30. Rxg5 Rh7 31. Rxg6 1-0

[Event "*** SCC Grand Prix: Titled Tuesday Blitz"]
[Site "Chess.com"]
[Date "2020.09.29"]
[Round "1"]
[White "ChessWarrior7197"]
[Black "mortngabriel"]
[Result "1-0"]
[WhiteElo "2948"]
[BlackElo "2446"]
[TimeControl "180+1"]
[EndTime "10:05:46 PDT"]
[Termination "ChessWarrior7197 won by resignation"]

1. e4 c6 2. d4 d5 3. exd5 cxd5 4. Bd3 Nc6 5. c3 Nf6 6. Bf4 Bg4 7. Qb3 Qc8 8. Nd2 e6 9. Ngf3 Bh5 10. O-O Be7 11.
Rae1 Bg6 12. Bxg6 hxg6 13. h4 Qd7 14. g3 Nh5 15. Bg5 Bxg5 16. Nxg5 O-O-O 17. Ndf3 Nf6 18. Qc2 Kb8 19. Qd2 Rhf8 20. b4 Qc7 21. a4 Rc8 22. a5 Ne7 23. Ne5 Nf5 24. Rc1 Nd6 25. Rfe1 Nfe4 26. Nxe4 Nxe4 27. Qf4 Ka8 28. c4 f6 29. cxd5 fxe5 30. Rxc7 exf4 31. Rxc8+ Rxc8 32. Rxe4 exd5 33. Rxf4 a6 34. Rg4 Rc4 35. Rxg6 Rxd4 36. Rxg7 Rxb4 37. h5 Rb5 38. h6 d4 39. h7 1-0

[Event "*** SCC Grand Prix: Titled Tuesday Blitz"]
[Site "Chess.com"]
[Date "2020.09.29"]
[Round "1"]
[White "Ural_bogatyr"]
[Black "GalperinPlaton"]
[Result "0-1"]
[WhiteElo "2388"]
[BlackElo "2763"]
[TimeControl "180+1"]
[EndTime "10:05:46 PDT"]
[Termination "GalperinPlaton won by resignation"]

1. e4 e5 2. Nf3 Nc6 3. Bb5 a6 4. Bxc6 dxc6 5. O-O Ne7 6. c3 Qd3 7. Nxe5 Qxe4 8. d4 Be6 9. Nd2 Qf5 10. Nb3 Ng6 11. Re1 O-O-O 12. Nd3 Bd5 13. Nbc5 Nh4 14. Re5 Qg6 15. Rg5 Qf6 16. Rg3 h6 17. Qa4 Bd6 18. Rg4 Nf3+ 19. Kf1 Nxh2+ 20. Kg1 Nxg4 21. Nxa6 bxa6 22. Qxa6+ Kd7 23. Bf4 Bxf4 24. Nc5+ Ke7 25. Qe2+ Be6 26. Re1 Bh2+ 27. Kf1 Qxf2+ 28. Qxf2 Nxf2 29.
Kxf2 Bd6 30. b4 Bxc5 31. bxc5 Ra8 0-1

[Event "*** SCC Grand Prix: Titled Tuesday Blitz"]
[Site "Chess.com"]
[Date "2020.09.29"]
[Round "1"]
[White "VMikhalevski"]
[Black "AniJak"]
[Result "1-0"]
[WhiteElo "2722"]
[BlackElo "2373"]
[TimeControl "180+1"]
[EndTime "10:05:47 PDT"]
[Termination "VMikhalevski won by resignation"]

1. d4 d5 2. c4 c6 3. Nf3 Nf6 4. Nc3 e6 5. e3 Nbd7 6. Qc2 Bd6 7. Be2 O-O 8. O-O Qe7 9. b3 b6 10. Bb2 Bb7 11. Rfd1 Rac8 12. Rac1 Rfe8 13. Qb1 Bb8 14. Bf1 c5 15. cxd5 Nxd5 16. Nxd5 exd5 17. Bb5 a6 18.
Bxd7 Qxd7 19. Ne5 Bxe5 20. dxe5 d4 21. f3 Rxe5 22. exd4 cxd4 23. Rxd4 Rd5 24. Rxd5 Qxd5 25. Rd1 Qg5 26. Qd3 h6 27. h4 Qxh4 28. Qd7 Rc2 29.
Qd8+ Kh7 30. Qxh4 1-0

[Event "*** SCC Grand Prix: Titled Tuesday Blitz"]
[Site "Chess.com"]
[Date "2020.09.29"]
[Round "1"]
[White "WIDBIFS"]
[Black "tk22h"]
[Result "1/2-1/2"]
[WhiteElo "2620"]
[BlackElo "2313"]
[TimeControl "180+1"]
[EndTime "10:05:49 PDT"]
[Termination "Game drawn by agreement"]

1. d4 Nf6 2. Nf3 g6 3. g3 Bg7 4.
Bg2 O-O 5. O-O d5 6. c4 dxc4 7. Na3 Nc6 8. Nxc4 Be6 9. Nce5 Bd5 10. Nxc6 Bxc6 11. e3 Nd7 12. a4 b6 13. Qc2 Bb7 14. Rd1 Rc8 15. a5 Qe8 16. axb6 axb6 17. Ra7 Bxf3 18. Bxf3 c5 19. d5 Ne5 20. Bg2 Ra8 21.
Rxa8 Qxa8 22. d6 Qd8 23. d7 Qc7 24. Qe4 Rd8 25. f4 Rxd7 26. Rd5 Rxd5 27. Qxd5 Nd7 28. h3 h5 29. b3 Qd6 30. Qxd6 exd6 31. Bc6 Nf6 32.
e4 Bf8 33. Bb2 Be7 34. Kg2 Kf8 35. Kf3 Ne8 36. g4 hxg4+ 37. hxg4 Nc7 38. g5 Ne6 39. Kg4 Nd4 40. Bxd4 cxd4 41. Kf3 f6 42. gxf6 Bxf6 1/2-1/2

[Event "*** SCC Grand Prix: Titled Tuesday Blitz"]
[Site "Chess.com"]
[Date "2020.09.29"]
[Round "1"]
[White "salomez"]
[Black "Kildepiotr"]
[Result "0-1"]
[WhiteElo "2227"]
[BlackElo "2546"]
[TimeControl "180+1"]
[EndTime "10:05:51 PDT"]
[Termination "Kildepiotr won by resignation"]

1. e4 g6 2. d4 Bg7 3. Nc3 c6 4. Be3 d5 5. e5 Nh6 6. Nf3 Bg4 7. h3 Bxf3 8. Qxf3 Nf5 9. Bd3 Nxe3 10. fxe3 O-O 11. h4 f6 12. e6 Qd6 13. h5 f5 14.
hxg6 hxg6 15. Ne2 Qxe6 16. Nf4 Qf6 17. O-O-O Nd7 18. Rh3 e5 19. Nxd5 cxd5 20. Qxd5+ Qf7 21. Bc4 Nb6 22. Qxf7+ Rxf7 23. Bxf7+ Kxf7 24. dxe5 Re8 25. a4 Rxe5 26. b3 Nd5 27. Rd3 Nf6 28. c4 Bf8 29. Kc2 Bc5 30. Rh8 Rxe3 31. Rb8 Re7 32. Rd2 g5 33.
Kc3 a5 34. b4 Bxb4+ 35. Kc2 Bxd2 0-1

[Event "*** SCC Grand Prix: Titled Tuesday Blitz"]
[Site "Chess.com"]
[Date "2020.09.29"]
[Round "1"]
[White "Sibelephant"]
[Black "KarstenHansch"]
[Result "1-0"]
[WhiteElo "3060"]
[BlackElo "2453"]
[TimeControl "180+1"]
[EndTime "10:05:52 PDT"]
[Termination "Sibelephant won by resignation"]

1. d4 d5 2. c4 e6 3. Nf3 Nf6 4. Nc3 Be7 5. Bg5 Nbd7 6. e3 h6 7. Bh4 O-O 8. Qc2 c5 9. Rd1 Qa5 10.
cxd5 Nxd5 11. Bxe7 Nxe7 12. Be2 Nd5 13. O-O Nxc3 14.
bxc3 b6 15. Nd2 Ba6 16. Nb3 Qa4 17. c4 cxd4 18. Rxd4 Nc5 19. Qc3 Rac8 20. Rg4 f6 21. Nd4 e5 22. Nf5 Rc7 23. Nxh6+ Kh7 24. Nf5 Bc8 25. Bd3 Nxd3 26. Qxd3 Bxf5 27. Qxf5+ Kg8 28.
Rh4 Rfc8 29. Qe6+ 1-0

[Event "*** SCC Grand Prix: Titled Tuesday Blitz"]
[Site "Chess.com"]
[Date "2020.09.29"]
[Round "1"]
[White "northridgehawk"]
[Black "SilviusTiberius"]
[Result "0-1"]
[WhiteElo "2327"]
[BlackElo "2652"]
[TimeControl "180+1"]
[EndTime "10:05:52 PDT"]
[Termination "SilviusTiberius won by resignation"]

1. e4 c5 2. Nf3 Nc6 3. d4 cxd4 4. Nxd4 Nf6 5. Nc3 d6 6. f3 e6 7. Be3 Be7 8. Qd2 O-O 9. O-O-O d5 10. exd5 Nxd5 11. Nxd5 Qxd5 12. Nb3 Nb4 13. Kb1 Qxd2 14. Rxd2 Nd5 15. Bd4 b6 16. Bd3 Bb7 17. Rhd1 Rfd8 18. Be4 Rac8 19. Be5 f6 20. Bd4 f5 21. Bd3 Bg5 22. Re2 Nf4 23. Ree1 Nxd3 24. Rxd3 Kf7 25. Rdd1 Bh4 26. Re2 Rd7 27. Rf1 Ba6 28. Ree1 Bxf1 29.
Rxf1 Rcd8 30. c3 Bf6 31. Re1 e5 32. Be3 Rd1+ 33. Rxd1 Rxd1+ 34. Kc2 Rh1 35. Nd2 Rxh2 36. g4 f4 37. Bg1 Rg2 0-1

[Event "*** SCC Grand Prix: Titled Tuesday Blitz"]
[Site "Chess.com"]
[Date "2020.09.29"]
[Round "1"]
[White "Shivagami"]
[Black "djogrodek1"]
[Result "0-1"]
[WhiteElo "2201"]
[BlackElo "2535"]
[TimeControl "180+1"]
[EndTime "10:05:53 PDT"]
[Termination "djogrodek1 won by resignation"]

1. d4 d5 2. c4 e6 3. Nc3 Nf6 4.
cxd5 exd5 5. Bg5 Be7 6. e3 c6 7.
Bd3 Nbd7 8. Nge2 h6 9. Bh4 Nh5 10. Bxe7 Qxe7 11. O-O O-O 12. Ng3 Nxg3 13. hxg3 Nf6 14.
Re1 Ne4 15. Nxe4 dxe4 16. Bc4 Be6 17. Rc1 Rad8 18. Qb3 Bxc4 19. Qxc4 Rd5 20. Red1 h5 21. Qe2 h4 22. gxh4 Qxh4 23. g3 Qh3 24. Qf1 Qg4 25.
Qg2 Rh5 26. Rf1 g6 27. f3 exf3 28. Qxf3 Qh3 29. Qg2 Qe6 30. e4 Kg7 31. e5 Rfh8 32.
Rf6 Rh1+ 33. Qxh1 Rxh1+ 34. Kxh1 Qh3+ 35. Kg1 Qxg3+ 36. Kh1 Qh4+ 37. Kg2 Qg5+ 0-1